 Dungeon Crawl Stone Soup version 0.29.1-2-gbd0b4ee654 (webtiles) character file.

Game seed: 13305689757130521862

52 croobank the Insei (level 3, -1/24 HPs)
             Began as an Octopode Transmuter on Nov 19, 2022.
             Was a Follower of Okawaru.
             Slain by an adder (4 damage)
             ... on level 2 of the Dungeon.
             The game lasted 00:03:33 (2319 turns).

croobank the Insei (Octopode Transmuter)            Turns: 2319, Time: 00:03:33

Health: -1/24      AC:  1    Str: 11    XL:     3   Next: 85%
Magic:  3/6        EV: 13    Int: 15    God:    Okawaru [*.....]
Gold:   54         SH:  0    Dex: 12    Spells: 3/6 levels left

rFire   . . .      SeeInvis .     - Unarmed
rCold   . . .      Faith    .   (no shield)
rNeg    . . .      Spirit   .   (helmet currently unavailable)
rPois   .          Reflect  .   (no amulet)
rElec   .          Harm     .   (no ring)
rCorr   .          Rampage  .   (no ring)
Will    .....                   (no ring)
Stlth   ++........              (no ring)
HPRegen 0.08/turn               (no ring)
MPRegen 0.10/turn               (no ring)
                                (no ring)
                                (no ring)

@: lethally poisoned (-1 -> -2), appendages
A: tentacle spike 3, almost no armour, amphibious, 8 rings, camouflage 1,
gelatinous body 1, (nimble swimmer 1), tentacles
a: End Transformation, Renounce Religion, Heroism


You were on level 2 of the Dungeon.
You worshipped Okawaru.
Okawaru was aware of your devotion.
One of your tentacles had grown a beastly spike.
You visited 1 branch of the dungeon, and saw 4 of its levels.

You collected 54 gold pieces.

Inventory:

Missiles
 e - 2 javelins
Scrolls
 b - 2 scrolls of amnesia {unknown}
 c - 2 scrolls of identify {unknown}
 d - 4 scrolls of teleportation {unknown}
Potions
 a - 2 potions of lignification
 f - 2 potions of curing
 g - a potion of heal wounds {unknown}


   Skills:
 + Level 1.8 Fighting
 + Level 2.4 Dodging
 + Level 3.3 Unarmed Combat
 + Level 2.4 Spellcasting
 + Level 2.4 Transmutations


You had 3 spell levels left.
You knew the following spells:

 Your Spells              Type           Power      Damage    Failure   Level
a - Beastly Appendage     Tmut           18%        N/A       8%          1
b - Wereblood             Tmut           9%         N/A       12%         2

Your spell library contained the following spells:

 Spells                   Type           Power      Damage    Failure   Level
 Spider Form              Tmut/Pois      5%         N/A       36%         3
 Ignite Poison            Fire/Tmut/Pois 4%         N/A       41%         3
 Gell's Gravitas          Tloc           1%         N/A       54%         3
 Lesser Beckoning         Tloc           1%         N/A       54%         3
 Mephitic Cloud           Conj/Pois/Air  1%         N/A       54%         3
 Portal Projectile        Hex/Tloc       2%         N/A       54%         3
 Teleport Other           Tloc           1%         N/A       54%         3
 Ice Form                 Ice/Tmut       5%         N/A       77%         4
 Blade Hands              Tmut           4%         N/A       91%         5
 Freezing Cloud           Conj/Ice/Air   0%         6-21      99%         5
 Tukima's Dance           Hex            Unusable   N/A       N/A         3

Dungeon Overview and Level Annotations

Branches:
Dungeon (4/15)
 Temple: D:4-7

Altars:
Okawaru


Innate Abilities, Weirdness & Mutations

One of your tentacles has grown a beastly spike.
You cannot wear most types of armour.
You are amphibious.
You can wear up to eight rings at the same time.
Your skin changes colour to match your surroundings (Stealth+).
Your rubbery body absorbs attacks. (AC +1, EV +1)
((You are camouflaged when in or above water. (Stealth+)))
You have tentacles for arms and can constrict up to eight enemies at once.


Message History

You miss the adder. Your grab misses the adder.
You pierce the adder.
The adder is lightly wounded.
The adder bites you. x2
* * * LOW HITPOINT WARNING * * *
The adder closely misses you.
You are too injured to fight recklessly!
Your primal bloodlust is almost over.
You tentacle-slap the adder. Your grab misses the adder.
Your tentacle spike misses the adder.
The adder is heavily wounded.
The adder misses you. The adder closely misses you.
You miss the adder. You grab the adder. You squeeze the adder.
You feel a bit better.
You kill the adder!
Okawaru accepts your kill.
You howl as the wereblood boils in your veins!
Your tentacle spike disappears.
Casting: Beastly Appendage (safe; 8% risk of failure)
Confirm with . or Enter, or press ? or * to list all spells.
One of your tentacles grows a vicious spike.
The adder closely misses you. The adder bites you.
* * * LOW HITPOINT WARNING * * *
You are poisoned.
The adder poisons you!
You completely miss the adder. Your grab misses the adder.
The adder is lightly wounded.
You feel sick. The adder closely misses you.
You closely miss the adder. You grab the adder.
The adder is lightly wounded.
Your primal bloodlust has ended.
You constrict the adder.
You feel sick. The adder closely misses you.
You tentacle-slap the adder.
You pierce the adder, but do no damage.
Your squeeze misses the adder.
The adder is moderately wounded.
You constrict the adder.
You feel sick. The adder closely misses you.
You tentacle-slap the adder but do no damage.
Your tentacle spike misses the adder.
The adder is heavily wounded.
You constrict the adder.
You feel sick. The adder bites you.
You die...

######..#
........#
#.####..# #.#
#..# #.####..#
#.......#
#.#####.# #.#
#.# #@# #.#
##.#####S#####.#
#..[...........#
...#####.#######
#.# #.# ... ...
...#


You could see an adder.

Vanquished Creatures
  2 adders (D:2)
  4 endoplasms
  3 goblins
  9 hobgoblins
  3 quokkas (D:1)
  3 ball pythons (D:1)
  A bat (D:1)
  3 frilled lizards
  A kobold (D:1)
  3 rats (D:1)
32 creatures vanquished.

Notes
Turn   | Place    | Note
-------+----------+-------------------------------------------
     0 | D:1      | croobank the Octopode Transmuter began the quest for the
                  | Orb.
     0 | D:1      | Reached XP level 1. HP: 13/13 MP: 3/3
   349 | D:1      | Found a faded altar of an unknown god.
   393 | D:1      | Reached XP level 2. HP: 9/18 MP: 3/5
   473 | D:1      | Learned a level 2 spell: Wereblood
   617 | D:1      | Prayed at the altar of an unknown god.
   617 | D:1      | Became a worshipper of Warmaster Okawaru
   617 | D:1      | Reached * piety under Okawaru
  1335 | D:1      | Reached XP level 3. HP: 8/23 MP: 2/6
  2299 | D:2      | HP: 1/23 [adder (3)]
  2319 | D:2      | Slain by an adder

Illustrated notes

Levels and vault maps discovered:
D:1:      dpeg_arrival_shelter, layout_loops_corners,
          chequers_ecumenical_altar_lobes
D:2:      layout_loops_ring, uniq_terence
D:3:      kennysheep_big_flooded_room, layout_basic,
          mainiacjoe_overflow_chevrons, ebering_ghost_gozag
D:4:      layout_basic, uniq_edmund, uniq_blork_the_orc

Action                   || total
-------------------------++-------
Melee: Unarmed           ||    80
       Constrict         ||    18
       Kick              ||    16
       Tentacles         ||    14
       Punch             ||     1
 Cast: Beastly Appendage ||    25
       Wereblood         ||     4
  Use: Potion            ||     1
 Stab: Sleeping          ||     5
Armor: Skin              ||     2
Dodge: Dodged            ||    51
